Workbook

Sheet Lançamentos
A1: ID | B1: Data | C1: Mês | D1: Responsável | E1: Tipo | F1: Categoria | G1: Descrição | H1: Forma de pagamento | I1: Conta/Cartão | J1: Valor (R$) | K1: Status | L1: Observações | M1: Valor efetivo (R$)
A2: 1 | B2: 46027 | C2: =IF($B2="","",IF(MONTH($B2)=1,"janeiro/"&YEAR($B2),IF(MONTH($B2)=2,"fevereiro/"&YEAR($B2),IF(MONTH($B2)=3,"março/"&YEAR($B2),IF(MONTH($B2)=4,"abril/"&YEAR($B2),IF(MONTH($B2)=5,"maio/"&YEAR($B2),IF(MONTH($B2)=6,"junho/"&YEAR($B2),IF(MONTH($B2)=7,"julho/"&YEAR($B2),IF(MONTH($B2)=8,"agosto/"&YEAR($B2),IF(MONTH($B2)=9,"setembro/"&YEAR($B2),IF(MONTH($B2)=10,"outubro/"&YEAR($B2),IF(MONTH($B2)=11,"novembro/"&YEAR($B2),"dezembro/"&YEAR($B2))))))))))))) | D2: João Silva | E2: Receita | F2: Salário | G2: Salário mensal | H2: PIX | I2: Conta corrente | J2: 6800 | K2: Pago | L2: Receita recorrente | M2: =IF($B2="","",IF($K2="Cancelado",0,$J2))
A3: 2 | B3: 46028 | C3: =IF($B3="","",IF(MONTH($B3)=1,"janeiro/"&YEAR($B3),IF(MONTH($B3)=2,"fevereiro/"&YEAR($B3),IF(MONTH($B3)=3,"março/"&YEAR($B3),IF(MONTH($B3)=4,"abril/"&YEAR($B3),IF(MONTH($B3)=5,"maio/"&YEAR($B3),IF(MONTH($B3)=6,"junho/"&YEAR($B3),IF(MONTH($B3)=7,"julho/"&YEAR($B3),IF(MONTH($B3)=8,"agosto/"&YEAR($B3),IF(MONTH($B3)=9,"setembro/"&YEAR($B3),IF(MONTH($B3)=10,"outubro/"&YEAR($B3),IF(MONTH($B3)=11,"novembro/"&YEAR($B3),"dezembro/"&YEAR($B3))))))))))))) | D3: Maria Oliveira | E3: Despesa | F3: Aluguel | G3: Aluguel residencial | H3: PIX | I3: Conta corrente | J3: 2100 | K3: Pago | L3: Moradia mensal | M3: =IF($B3="","",IF($K3="Cancelado",0,$J3))
A4: 3 | B4: 46030 | C4: =IF($B4="","",IF(MONTH($B4)=1,"janeiro/"&YEAR($B4),IF(MONTH($B4)=2,"fevereiro/"&YEAR($B4),IF(MONTH($B4)=3,"março/"&YEAR($B4),IF(MONTH($B4)=4,"abril/"&YEAR($B4),IF(MONTH($B4)=5,"maio/"&YEAR($B4),IF(MONTH($B4)=6,"junho/"&YEAR($B4),IF(MONTH($B4)=7,"julho/"&YEAR($B4),IF(MONTH($B4)=8,"agosto/"&YEAR($B4),IF(MONTH($B4)=9,"setembro/"&YEAR($B4),IF(MONTH($B4)=10,"outubro/"&YEAR($B4),IF(MONTH($B4)=11,"novembro/"&YEAR($B4),"dezembro/"&YEAR($B4))))))))))))) | D4: Pedro Santos | E4: Despesa | F4: Alimentação | G4: Supermercado | H4: Crédito | I4: Cartão Visa | J4: 486.75 | K4: Pago | L4: Compras da semana | M4: =IF($B4="","",IF($K4="Cancelado",0,$J4))
A5: 4 | B5: 46032 | C5: =IF($B5="","",IF(MONTH($B5)=1,"janeiro/"&YEAR($B5),IF(MONTH($B5)=2,"fevereiro/"&YEAR($B5),IF(MONTH($B5)=3,"março/"&YEAR($B5),IF(MONTH($B5)=4,"abril/"&YEAR($B5),IF(MONTH($B5)=5,"maio/"&YEAR($B5),IF(MONTH($B5)=6,"junho/"&YEAR($B5),IF(MONTH($B5)=7,"julho/"&YEAR($B5),IF(MONTH($B5)=8,"agosto/"&YEAR($B5),IF(MONTH($B5)=9,"setembro/"&YEAR($B5),IF(MONTH($B5)=10,"outubro/"&YEAR($B5),IF(MONTH($B5)=11,"novembro/"&YEAR($B5),"dezembro/"&YEAR($B5))))))))))))) | D5: Ana Souza | E5: Despesa | F5: Contas da casa | G5: Energia elétrica | H5: Boleto | I5: Conta corrente | J5: 178.4 | K5: Pendente | L5: Vencimento em janeiro | M5: =IF($B5="","",IF($K5="Cancelado",0,$J5))
A6: 5 | B6: 46034 | C6: =IF($B6="","",IF(MONTH($B6)=1,"janeiro/"&YEAR($B6),IF(MONTH($B6)=2,"fevereiro/"&YEAR($B6),IF(MONTH($B6)=3,"março/"&YEAR($B6),IF(MONTH($B6)=4,"abril/"&YEAR($B6),IF(MONTH($B6)=5,"maio/"&YEAR($B6),IF(MONTH($B6)=6,"junho/"&YEAR($B6),IF(MONTH($B6)=7,"julho/"&YEAR($B6),IF(MONTH($B6)=8,"agosto/"&YEAR($B6),IF(MONTH($B6)=9,"setembro/"&YEAR($B6),IF(MONTH($B6)=10,"outubro/"&YEAR($B6),IF(MONTH($B6)=11,"novembro/"&YEAR($B6),"dezembro/"&YEAR($B6))))))))))))) | D6: Carlos Pereira | E6: Despesa | F6: Transporte | G6: Combustível | H6: Débito | I6: Conta corrente | J6: 250 | K6: Pago | L6: Abastecimento | M6: =IF($B6="","",IF($K6="Cancelado",0,$J6))
A7: 6 | B7: 46037 | C7: =IF($B7="","",IF(MONTH($B7)=1,"janeiro/"&YEAR($B7),IF(MONTH($B7)=2,"fevereiro/"&YEAR($B7),IF(MONTH($B7)=3,"março/"&YEAR($B7),IF(MONTH($B7)=4,"abril/"&YEAR($B7),IF(MONTH($B7)=5,"maio/"&YEAR($B7),IF(MONTH($B7)=6,"junho/"&YEAR($B7),IF(MONTH($B7)=7,"julho/"&YEAR($B7),IF(MONTH($B7)=8,"agosto/"&YEAR($B7),IF(MONTH($B7)=9,"setembro/"&YEAR($B7),IF(MONTH($B7)=10,"outubro/"&YEAR($B7),IF(MONTH($B7)=11,"novembro/"&YEAR($B7),"dezembro/"&YEAR($B7))))))))))))) | D7: Juliana Costa | E7: Despesa | F7: Saúde | G7: Farmácia | H7: Crédito | I7: Cartão Mastercard | J7: 93.6 | K7: Pago | L7: Medicamentos | M7: =IF($B7="","",IF($K7="Cancelado",0,$J7))
A8: 7 | B8: 46040 | C8: =IF($B8="","",IF(MONTH($B8)=1,"janeiro/"&YEAR($B8),IF(MONTH($B8)=2,"fevereiro/"&YEAR($B8),IF(MONTH($B8)=3,"março/"&YEAR($B8),IF(MONTH($B8)=4,"abril/"&YEAR($B8),IF(MONTH($B8)=5,"maio/"&YEAR($B8),IF(MONTH($B8)=6,"junho/"&YEAR($B8),IF(MONTH($B8)=7,"julho/"&YEAR($B8),IF(MONTH($B8)=8,"agosto/"&YEAR($B8),IF(MONTH($B8)=9,"setembro/"&YEAR($B8),IF(MONTH($B8)=10,"outubro/"&YEAR($B8),IF(MONTH($B8)=11,"novembro/"&YEAR($B8),"dezembro/"&YEAR($B8))))))))))))) | D8: Rafael Almeida | E8: Despesa | F8: Lazer | G8: Cinema e jantar | H8: Crédito | I8: Cartão Visa | J8: 165 | K8: Pago | L8: Fim de semana | M8: =IF($B8="","",IF($K8="Cancelado",0,$J8))
A9: 8 | B9: 46042 | C9: =IF($B9="","",IF(MONTH($B9)=1,"janeiro/"&YEAR($B9),IF(MONTH($B9)=2,"fevereiro/"&YEAR($B9),IF(MONTH($B9)=3,"março/"&YEAR($B9),IF(MONTH($B9)=4,"abril/"&YEAR($B9),IF(MONTH($B9)=5,"maio/"&YEAR($B9),IF(MONTH($B9)=6,"junho/"&YEAR($B9),IF(MONTH($B9)=7,"julho/"&YEAR($B9),IF(MONTH($B9)=8,"agosto/"&YEAR($B9),IF(MONTH($B9)=9,"setembro/"&YEAR($B9),IF(MONTH($B9)=10,"outubro/"&YEAR($B9),IF(MONTH($B9)=11,"novembro/"&YEAR($B9),"dezembro/"&YEAR($B9))))))))))))) | D9: Camila Ferreira | E9: Despesa | F9: Educação | G9: Curso on-line | H9: PIX | I9: Conta corrente | J9: 220 | K9: Pago | L9: Curso profissional | M9: =IF($B9="","",IF($K9="Cancelado",0,$J9))
A10: 9 | B10: 46047 | C10: =IF($B10="","",IF(MONTH($B10)=1,"janeiro/"&YEAR($B10),IF(MONTH($B10)=2,"fevereiro/"&YEAR($B10),IF(MONTH($B10)=3,"março/"&YEAR($B10),IF(MONTH($B10)=4,"abril/"&YEAR($B10),IF(MONTH($B10)=5,"maio/"&YEAR($B10),IF(MONTH($B10)=6,"junho/"&YEAR($B10),IF(MONTH($B10)=7,"julho/"&YEAR($B10),IF(MONTH($B10)=8,"agosto/"&YEAR($B10),IF(MONTH($B10)=9,"setembro/"&YEAR($B10),IF(MONTH($B10)=10,"outubro/"&YEAR($B10),IF(MONTH($B10)=11,"novembro/"&YEAR($B10),"dezembro/"&YEAR($B10))))))))))))) | D10: Lucas Rodrigues | E10: Despesa | F10: Compras | G10: Roupas | H10: Crédito | I10: Cartão Mastercard | J10: 310.9 | K10: Pendente | L10: Parcela única | M10: =IF($B10="","",IF($K10="Cancelado",0,$J10))
A11: 10 | B11: 46053 | C11: =IF($B11="","",IF(MONTH($B11)=1,"janeiro/"&YEAR($B11),IF(MONTH($B11)=2,"fevereiro/"&YEAR($B11),IF(MONTH($B11)=3,"março/"&YEAR($B11),IF(MONTH($B11)=4,"abril/"&YEAR($B11),IF(MONTH($B11)=5,"maio/"&YEAR($B11),IF(MONTH($B11)=6,"junho/"&YEAR($B11),IF(MONTH($B11)=7,"julho/"&YEAR($B11),IF(MONTH($B11)=8,"agosto/"&YEAR($B11),IF(MONTH($B11)=9,"setembro/"&YEAR($B11),IF(MONTH($B11)=10,"outubro/"&YEAR($B11),IF(MONTH($B11)=11,"novembro/"&YEAR($B11),"dezembro/"&YEAR($B11))))))))))))) | D11: Fernanda Lima | E11: Receita | F11: Renda extra | G11: Projeto freelancer | H11: PIX | I11: Conta corrente | J11: 750 | K11: Pago | L11: Serviço pontual | M11: =IF($B11="","",IF($K11="Cancelado",0,$J11))
C12: =IF($B12="","",IF(MONTH($B12)=1,"janeiro/"&YEAR($B12),IF(MONTH($B12)=2,"fevereiro/"&YEAR($B12),IF(MONTH($B12)=3,"março/"&YEAR($B12),IF(MONTH($B12)=4,"abril/"&YEAR($B12),IF(MONTH($B12)=5,"maio/"&YEAR($B12),IF(MONTH($B12)=6,"junho/"&YEAR($B12),IF(MONTH($B12)=7,"julho/"&YEAR($B12),IF(MONTH($B12)=8,"agosto/"&YEAR($B12),IF(MONTH($B12)=9,"setembro/"&YEAR($B12),IF(MONTH($B12)=10,"outubro/"&YEAR($B12),IF(MONTH($B12)=11,"novembro/"&YEAR($B12),"dezembro/"&YEAR($B12))))))))))))) | M12: =IF($B12="","",IF($K12="Cancelado",0,$J12))
C13: =IF($B13="","",IF(MONTH($B13)=1,"janeiro/"&YEAR($B13),IF(MONTH($B13)=2,"fevereiro/"&YEAR($B13),IF(MONTH($B13)=3,"março/"&YEAR($B13),IF(MONTH($B13)=4,"abril/"&YEAR($B13),IF(MONTH($B13)=5,"maio/"&YEAR($B13),IF(MONTH($B13)=6,"junho/"&YEAR($B13),IF(MONTH($B13)=7,"julho/"&YEAR($B13),IF(MONTH($B13)=8,"agosto/"&YEAR($B13),IF(MONTH($B13)=9,"setembro/"&YEAR($B13),IF(MONTH($B13)=10,"outubro/"&YEAR($B13),IF(MONTH($B13)=11,"novembro/"&YEAR($B13),"dezembro/"&YEAR($B13))))))))))))) | M13: =IF($B13="","",IF($K13="Cancelado",0,$J13))
C14: =IF($B14="","",IF(MONTH($B14)=1,"janeiro/"&YEAR($B14),IF(MONTH($B14)=2,"fevereiro/"&YEAR($B14),IF(MONTH($B14)=3,"março/"&YEAR($B14),IF(MONTH($B14)=4,"abril/"&YEAR($B14),IF(MONTH($B14)=5,"maio/"&YEAR($B14),IF(MONTH($B14)=6,"junho/"&YEAR($B14),IF(MONTH($B14)=7,"julho/"&YEAR($B14),IF(MONTH($B14)=8,"agosto/"&YEAR($B14),IF(MONTH($B14)=9,"setembro/"&YEAR($B14),IF(MONTH($B14)=10,"outubro/"&YEAR($B14),IF(MONTH($B14)=11,"novembro/"&YEAR($B14),"dezembro/"&YEAR($B14))))))))))))) | M14: =IF($B14="","",IF($K14="Cancelado",0,$J14))
C15: =IF($B15="","",IF(MONTH($B15)=1,"janeiro/"&YEAR($B15),IF(MONTH($B15)=2,"fevereiro/"&YEAR($B15),IF(MONTH($B15)=3,"março/"&YEAR($B15),IF(MONTH($B15)=4,"abril/"&YEAR($B15),IF(MONTH($B15)=5,"maio/"&YEAR($B15),IF(MONTH($B15)=6,"junho/"&YEAR($B15),IF(MONTH($B15)=7,"julho/"&YEAR($B15),IF(MONTH($B15)=8,"agosto/"&YEAR($B15),IF(MONTH($B15)=9,"setembro/"&YEAR($B15),IF(MONTH($B15)=10,"outubro/"&YEAR($B15),IF(MONTH($B15)=11,"novembro/"&YEAR($B15),"dezembro/"&YEAR($B15))))))))))))) | M15: =IF($B15="","",IF($K15="Cancelado",0,$J15))
C16: =IF($B16="","",IF(MONTH($B16)=1,"janeiro/"&YEAR($B16),IF(MONTH($B16)=2,"fevereiro/"&YEAR($B16),IF(MONTH($B16)=3,"março/"&YEAR($B16),IF(MONTH($B16)=4,"abril/"&YEAR($B16),IF(MONTH($B16)=5,"maio/"&YEAR($B16),IF(MONTH($B16)=6,"junho/"&YEAR($B16),IF(MONTH($B16)=7,"julho/"&YEAR($B16),IF(MONTH($B16)=8,"agosto/"&YEAR($B16),IF(MONTH($B16)=9,"setembro/"&YEAR($B16),IF(MONTH($B16)=10,"outubro/"&YEAR($B16),IF(MONTH($B16)=11,"novembro/"&YEAR($B16),"dezembro/"&YEAR($B16))))))))))))) | M16: =IF($B16="","",IF($K16="Cancelado",0,$J16))
C17: =IF($B17="","",IF(MONTH($B17)=1,"janeiro/"&YEAR($B17),IF(MONTH($B17)=2,"fevereiro/"&YEAR($B17),IF(MONTH($B17)=3,"março/"&YEAR($B17),IF(MONTH($B17)=4,"abril/"&YEAR($B17),IF(MONTH($B17)=5,"maio/"&YEAR($B17),IF(MONTH($B17)=6,"junho/"&YEAR($B17),IF(MONTH($B17)=7,"julho/"&YEAR($B17),IF(MONTH($B17)=8,"agosto/"&YEAR($B17),IF(MONTH($B17)=9,"setembro/"&YEAR($B17),IF(MONTH($B17)=10,"outubro/"&YEAR($B17),IF(MONTH($B17)=11,"novembro/"&YEAR($B17),"dezembro/"&YEAR($B17))))))))))))) | M17: =IF($B17="","",IF($K17="Cancelado",0,$J17))
C18: =IF($B18="","",IF(MONTH($B18)=1,"janeiro/"&YEAR($B18),IF(MONTH($B18)=2,"fevereiro/"&YEAR($B18),IF(MONTH($B18)=3,"março/"&YEAR($B18),IF(MONTH($B18)=4,"abril/"&YEAR($B18),IF(MONTH($B18)=5,"maio/"&YEAR($B18),IF(MONTH($B18)=6,"junho/"&YEAR($B18),IF(MONTH($B18)=7,"julho/"&YEAR($B18),IF(MONTH($B18)=8,"agosto/"&YEAR($B18),IF(MONTH($B18)=9,"setembro/"&YEAR($B18),IF(MONTH($B18)=10,"outubro/"&YEAR($B18),IF(MONTH($B18)=11,"novembro/"&YEAR($B18),"dezembro/"&YEAR($B18))))))))))))) | M18: =IF($B18="","",IF($K18="Cancelado",0,$J18))
C19: =IF($B19="","",IF(MONTH($B19)=1,"janeiro/"&YEAR($B19),IF(MONTH($B19)=2,"fevereiro/"&YEAR($B19),IF(MONTH($B19)=3,"março/"&YEAR($B19),IF(MONTH($B19)=4,"abril/"&YEAR($B19),IF(MONTH($B19)=5,"maio/"&YEAR($B19),IF(MONTH($B19)=6,"junho/"&YEAR($B19),IF(MONTH($B19)=7,"julho/"&YEAR($B19),IF(MONTH($B19)=8,"agosto/"&YEAR($B19),IF(MONTH($B19)=9,"setembro/"&YEAR($B19),IF(MONTH($B19)=10,"outubro/"&YEAR($B19),IF(MONTH($B19)=11,"novembro/"&YEAR($B19),"dezembro/"&YEAR($B19))))))))))))) | M19: =IF($B19="","",IF($K19="Cancelado",0,$J19))
C20: =IF($B20="","",IF(MONTH($B20)=1,"janeiro/"&YEAR($B20),IF(MONTH($B20)=2,"fevereiro/"&YEAR($B20),IF(MONTH($B20)=3,"março/"&YEAR($B20),IF(MONTH($B20)=4,"abril/"&YEAR($B20),IF(MONTH($B20)=5,"maio/"&YEAR($B20),IF(MONTH($B20)=6,"junho/"&YEAR($B20),IF(MONTH($B20)=7,"julho/"&YEAR($B20),IF(MONTH($B20)=8,"agosto/"&YEAR($B20),IF(MONTH($B20)=9,"setembro/"&YEAR($B20),IF(MONTH($B20)=10,"outubro/"&YEAR($B20),IF(MONTH($B20)=11,"novembro/"&YEAR($B20),"dezembro/"&YEAR($B20))))))))))))) | M20: =IF($B20="","",IF($K20="Cancelado",0,$J20))
C21: =IF($B21="","",IF(MONTH($B21)=1,"janeiro/"&YEAR($B21),IF(MONTH($B21)=2,"fevereiro/"&YEAR($B21),IF(MONTH($B21)=3,"março/"&YEAR($B21),IF(MONTH($B21)=4,"abril/"&YEAR($B21),IF(MONTH($B21)=5,"maio/"&YEAR($B21),IF(MONTH($B21)=6,"junho/"&YEAR($B21),IF(MONTH($B21)=7,"julho/"&YEAR($B21),IF(MONTH($B21)=8,"agosto/"&YEAR($B21),IF(MONTH($B21)=9,"setembro/"&YEAR($B21),IF(MONTH($B21)=10,"outubro/"&YEAR($B21),IF(MONTH($B21)=11,"novembro/"&YEAR($B21),"dezembro/"&YEAR($B21))))))))))))) | M21: =IF($B21="","",IF($K21="Cancelado",0,$J21))
C22: =IF($B22="","",IF(MONTH($B22)=1,"janeiro/"&YEAR($B22),IF(MONTH($B22)=2,"fevereiro/"&YEAR($B22),IF(MONTH($B22)=3,"março/"&YEAR($B22),IF(MONTH($B22)=4,"abril/"&YEAR($B22),IF(MONTH($B22)=5,"maio/"&YEAR($B22),IF(MONTH($B22)=6,"junho/"&YEAR($B22),IF(MONTH($B22)=7,"julho/"&YEAR($B22),IF(MONTH($B22)=8,"agosto/"&YEAR($B22),IF(MONTH($B22)=9,"setembro/"&YEAR($B22),IF(MONTH($B22)=10,"outubro/"&YEAR($B22),IF(MONTH($B22)=11,"novembro/"&YEAR($B22),"dezembro/"&YEAR($B22))))))))))))) | M22: =IF($B22="","",IF($K22="Cancelado",0,$J22))
C23: =IF($B23="","",IF(MONTH($B23)=1,"janeiro/"&YEAR($B23),IF(MONTH($B23)=2,"fevereiro/"&YEAR($B23),IF(MONTH($B23)=3,"março/"&YEAR($B23),IF(MONTH($B23)=4,"abril/"&YEAR($B23),IF(MONTH($B23)=5,"maio/"&YEAR($B23),IF(MONTH($B23)=6,"junho/"&YEAR($B23),IF(MONTH($B23)=7,"julho/"&YEAR($B23),IF(MONTH($B23)=8,"agosto/"&YEAR($B23),IF(MONTH($B23)=9,"setembro/"&YEAR($B23),IF(MONTH($B23)=10,"outubro/"&YEAR($B23),IF(MONTH($B23)=11,"novembro/"&YEAR($B23),"dezembro/"&YEAR($B23))))))))))))) | M23: =IF($B23="","",IF($K23="Cancelado",0,$J23))
... C101: =IF($B101="","",IF(MONTH($B101)=1,"janeiro/"&YEAR($B101),IF(MONTH($B101)=2,"fevereiro/"&YEAR($B101),IF(MONTH($B101)=3,"março/"&YEAR($B101),IF(MONTH($B101)=4,"abril/"&YEAR($B101),IF(MONTH($B101)=5,"maio/"&YEAR($B101),IF(MONTH($B101)=6,"junho/"&YEAR($B101),IF(MONTH($B101)=7,"julho/"&YEAR($B101),IF(MONTH($B101)=8,"agosto/"&YEAR($B101),IF(MONTH($B101)=9,"setembro/"&YEAR($B101),IF(MONTH($B101)=10,"outubro/"&YEAR($B101),IF(MONTH($B101)=11,"novembro/"&YEAR($B101),"dezembro/"&YEAR($B101))))))))))))) | M101: =IF($B101="","",IF($K101="Cancelado",0,$J101))

Sheet Resumo
A1: Resumo financeiro mensal
A2: Mês analisado | B2: janeiro/2026
A3: Responsável | B3: Todos
A5: Indicador | B5: Valor
A6: Total de receitas | B6: =IF($B$3="Todos",SUMIFS('Lançamentos'!$M$2:$M$101,'Lançamentos'!$C$2:$C$101,$B$2,'Lançamentos'!$E$2:$E$101,"Receita"),SUMIFS('Lançamentos'!$M$2:$M$101,'Lançamentos'!$C$2:$C$101,$B$2,'Lançamentos'!$E$2:$E$101,"Receita",'Lançamentos'!$D$2:$D$101,$B$3))
A7: Total de despesas | B7: =IF($B$3="Todos",SUMIFS('Lançamentos'!$M$2:$M$101,'Lançamentos'!$C$2:$C$101,$B$2,'Lançamentos'!$E$2:$E$101,"Despesa"),SUMIFS('Lançamentos'!$M$2:$M$101,'Lançamentos'!$C$2:$C$101,$B$2,'Lançamentos'!$E$2:$E$101,"Despesa",'Lançamentos'!$D$2:$D$101,$B$3))
A8: Saldo do mês | B8: =IFERROR($B$6-$B$7,0)
A9: Média das despesas | B9: =IFERROR(IF($B$3="Todos",$B$7/COUNTIFS('Lançamentos'!$C$2:$C$101,$B$2,'Lançamentos'!$E$2:$E$101,"Despesa"),$B$7/COUNTIFS('Lançamentos'!$C$2:$C$101,$B$2,'Lançamentos'!$E$2:$E$101,"Despesa",'Lançamentos'!$D$2:$D$101,$B$3)),0)
A10: Percentual da renda comprometida | B10: =IFERROR($B$7/$B$6,0)
A11: Lançamentos pendentes | B11: =IF($B$3="Todos",COUNTIFS('Lançamentos'!$C$2:$C$101,$B$2,'Lançamentos'!$K$2:$K$101,"Pendente"),COUNTIFS('Lançamentos'!$C$2:$C$101,$B$2,'Lançamentos'!$K$2:$K$101,"Pendente",'Lançamentos'!$D$2:$D$101,$B$3))
A12: Lançamentos no mês | B12: =IF($B$3="Todos",COUNTIF('Lançamentos'!$C$2:$C$101,$B$2),COUNTIFS('Lançamentos'!$C$2:$C$101,$B$2,'Lançamentos'!$D$2:$D$101,$B$3))
A13: Média geral dos valores efetivos | B13: =IFERROR(AVERAGE('Lançamentos'!$M$2:$M$101),0)
A14: Categoria | B14: Gasto no mês | C14: % do total | D14: Limite mensal | E14: Situação | G14: Mês | H14: Receitas | I14: Despesas | J14: Saldo
A15: Moradia | B15: =IF($B$3="Todos",SUMIFS('Lançamentos'!$M$2:$M$101,'Lançamentos'!$C$2:$C$101,$B$2,'Lançamentos'!$F$2:$F$101,$A15,'Lançamentos'!$E$2:$E$101,"Despesa"),SUMIFS('Lançamentos'!$M$2:$M$101,'Lançamentos'!$C$2:$C$101,$B$2,'Lançamentos'!$F$2:$F$101,$A15,'Lançamentos'!$E$2:$E$101,"Despesa",'Lançamentos'!$D$2:$D$101,$B$3)) | C15: =IFERROR($B15/$B$7,0) | D15: =IFERROR(VLOOKUP($A15,'Configurações'!$A$3:$B$15,2,FALSE),0) | E15: =IF($B15>$D15,"Acima do limite","Dentro do limite") | G15: janeiro/2026 | H15: =IF($B$3="Todos",SUMIFS('Lançamentos'!$M$2:$M$101,'Lançamentos'!$C$2:$C$101,$G15,'Lançamentos'!$E$2:$E$101,"Receita"),SUMIFS('Lançamentos'!$M$2:$M$101,'Lançamentos'!$C$2:$C$101,$G15,'Lançamentos'!$E$2:$E$101,"Receita",'Lançamentos'!$D$2:$D$101,$B$3)) | I15: =IF($B$3="Todos",SUMIFS('Lançamentos'!$M$2:$M$101,'Lançamentos'!$C$2:$C$101,$G15,'Lançamentos'!$E$2:$E$101,"Despesa"),SUMIFS('Lançamentos'!$M$2:$M$101,'Lançamentos'!$C$2:$C$101,$G15,'Lançamentos'!$E$2:$E$101,"Despesa",'Lançamentos'!$D$2:$D$101,$B$3)) | J15: =IFERROR($H15-$I15,0)
A16: Aluguel | B16: =IF($B$3="Todos",SUMIFS('Lançamentos'!$M$2:$M$101,'Lançamentos'!$C$2:$C$101,$B$2,'Lançamentos'!$F$2:$F$101,$A16,'Lançamentos'!$E$2:$E$101,"Despesa"),SUMIFS('Lançamentos'!$M$2:$M$101,'Lançamentos'!$C$2:$C$101,$B$2,'Lançamentos'!$F$2:$F$101,$A16,'Lançamentos'!$E$2:$E$101,"Despesa",'Lançamentos'!$D$2:$D$101,$B$3)) | C16: =IFERROR($B16/$B$7,0) | D16: =IFERROR(VLOOKUP($A16,'Configurações'!$A$3:$B$15,2,FALSE),0) | E16: =IF($B16>$D16,"Acima do limite","Dentro do limite") | G16: fevereiro/2026 | H16: =IF($B$3="Todos",SUMIFS('Lançamentos'!$M$2:$M$101,'Lançamentos'!$C$2:$C$101,$G16,'Lançamentos'!$E$2:$E$101,"Receita"),SUMIFS('Lançamentos'!$M$2:$M$101,'Lançamentos'!$C$2:$C$101,$G16,'Lançamentos'!$E$2:$E$101,"Receita",'Lançamentos'!$D$2:$D$101,$B$3)) | I16: =IF($B$3="Todos",SUMIFS('Lançamentos'!$M$2:$M$101,'Lançamentos'!$C$2:$C$101,$G16,'Lançamentos'!$E$2:$E$101,"Despesa"),SUMIFS('Lançamentos'!$M$2:$M$101,'Lançamentos'!$C$2:$C$101,$G16,'Lançamentos'!$E$2:$E$101,"Despesa",'Lançamentos'!$D$2:$D$101,$B$3)) | J16: =IFERROR($H16-$I16,0)
A17: Alimentação | B17: =IF($B$3="Todos",SUMIFS('Lançamentos'!$M$2:$M$101,'Lançamentos'!$C$2:$C$101,$B$2,'Lançamentos'!$F$2:$F$101,$A17,'Lançamentos'!$E$2:$E$101,"Despesa"),SUMIFS('Lançamentos'!$M$2:$M$101,'Lançamentos'!$C$2:$C$101,$B$2,'Lançamentos'!$F$2:$F$101,$A17,'Lançamentos'!$E$2:$E$101,"Despesa",'Lançamentos'!$D$2:$D$101,$B$3)) | C17: =IFERROR($B17/$B$7,0) | D17: =IFERROR(VLOOKUP($A17,'Configurações'!$A$3:$B$15,2,FALSE),0) | E17: =IF($B17>$D17,"Acima do limite","Dentro do limite") | G17: março/2026 | H17: =IF($B$3="Todos",SUMIFS('Lançamentos'!$M$2:$M$101,'Lançamentos'!$C$2:$C$101,$G17,'Lançamentos'!$E$2:$E$101,"Receita"),SUMIFS('Lançamentos'!$M$2:$M$101,'Lançamentos'!$C$2:$C$101,$G17,'Lançamentos'!$E$2:$E$101,"Receita",'Lançamentos'!$D$2:$D$101,$B$3)) | I17: =IF($B$3="Todos",SUMIFS('Lançamentos'!$M$2:$M$101,'Lançamentos'!$C$2:$C$101,$G17,'Lançamentos'!$E$2:$E$101,"Despesa"),SUMIFS('Lançamentos'!$M$2:$M$101,'Lançamentos'!$C$2:$C$101,$G17,'Lançamentos'!$E$2:$E$101,"Despesa",'Lançamentos'!$D$2:$D$101,$B$3)) | J17: =IFERROR($H17-$I17,0)
A18: Transporte | B18: =IF($B$3="Todos",SUMIFS('Lançamentos'!$M$2:$M$101,'Lançamentos'!$C$2:$C$101,$B$2,'Lançamentos'!$F$2:$F$101,$A18,'Lançamentos'!$E$2:$E$101,"Despesa"),SUMIFS('Lançamentos'!$M$2:$M$101,'Lançamentos'!$C$2:$C$101,$B$2,'Lançamentos'!$F$2:$F$101,$A18,'Lançamentos'!$E$2:$E$101,"Despesa",'Lançamentos'!$D$2:$D$101,$B$3)) | C18: =IFERROR($B18/$B$7,0) | D18: =IFERROR(VLOOKUP($A18,'Configurações'!$A$3:$B$15,2,FALSE),0) | E18: =IF($B18>$D18,"Acima do limite","Dentro do limite") | G18: abril/2026 | H18: =IF($B$3="Todos",SUMIFS('Lançamentos'!$M$2:$M$101,'Lançamentos'!$C$2:$C$101,$G18,'Lançamentos'!$E$2:$E$101,"Receita"),SUMIFS('Lançamentos'!$M$2:$M$101,'Lançamentos'!$C$2:$C$101,$G18,'Lançamentos'!$E$2:$E$101,"Receita",'Lançamentos'!$D$2:$D$101,$B$3)) | I18: =IF($B$3="Todos",SUMIFS('Lançamentos'!$M$2:$M$101,'Lançamentos'!$C$2:$C$101,$G18,'Lançamentos'!$E$2:$E$101,"Despesa"),SUMIFS('Lançamentos'!$M$2:$M$101,'Lançamentos'!$C$2:$C$101,$G18,'Lançamentos'!$E$2:$E$101,"Despesa",'Lançamentos'!$D$2:$D$101,$B$3)) | J18: =IFERROR($H18-$I18,0)
A19: Saúde | B19: =IF($B$3="Todos",SUMIFS('Lançamentos'!$M$2:$M$101,'Lançamentos'!$C$2:$C$101,$B$2,'Lançamentos'!$F$2:$F$101,$A19,'Lançamentos'!$E$2:$E$101,"Despesa"),SUMIFS('Lançamentos'!$M$2:$M$101,'Lançamentos'!$C$2:$C$101,$B$2,'Lançamentos'!$F$2:$F$101,$A19,'Lançamentos'!$E$2:$E$101,"Despesa",'Lançamentos'!$D$2:$D$101,$B$3)) | C19: =IFERROR($B19/$B$7,0) | D19: =IFERROR(VLOOKUP($A19,'Configurações'!$A$3:$B$15,2,FALSE),0) | E19: =IF($B19>$D19,"Acima do limite","Dentro do limite") | G19: maio/2026 | H19: =IF($B$3="Todos",SUMIFS('Lançamentos'!$M$2:$M$101,'Lançamentos'!$C$2:$C$101,$G19,'Lançamentos'!$E$2:$E$101,"Receita"),SUMIFS('Lançamentos'!$M$2:$M$101,'Lançamentos'!$C$2:$C$101,$G19,'Lançamentos'!$E$2:$E$101,"Receita",'Lançamentos'!$D$2:$D$101,$B$3)) | I19: =IF($B$3="Todos",SUMIFS('Lançamentos'!$M$2:$M$101,'Lançamentos'!$C$2:$C$101,$G19,'Lançamentos'!$E$2:$E$101,"Despesa"),SUMIFS('Lançamentos'!$M$2:$M$101,'Lançamentos'!$C$2:$C$101,$G19,'Lançamentos'!$E$2:$E$101,"Despesa",'Lançamentos'!$D$2:$D$101,$B$3)) | J19: =IFERROR($H19-$I19,0)
A20: Educação | B20: =IF($B$3="Todos",SUMIFS('Lançamentos'!$M$2:$M$101,'Lançamentos'!$C$2:$C$101,$B$2,'Lançamentos'!$F$2:$F$101,$A20,'Lançamentos'!$E$2:$E$101,"Despesa"),SUMIFS('Lançamentos'!$M$2:$M$101,'Lançamentos'!$C$2:$C$101,$B$2,'Lançamentos'!$F$2:$F$101,$A20,'Lançamentos'!$E$2:$E$101,"Despesa",'Lançamentos'!$D$2:$D$101,$B$3)) | C20: =IFERROR($B20/$B$7,0) | D20: =IFERROR(VLOOKUP($A20,'Configurações'!$A$3:$B$15,2,FALSE),0) | E20: =IF($B20>$D20,"Acima do limite","Dentro do limite") | G20: junho/2026 | H20: =IF($B$3="Todos",SUMIFS('Lançamentos'!$M$2:$M$101,'Lançamentos'!$C$2:$C$101,$G20,'Lançamentos'!$E$2:$E$101,"Receita"),SUMIFS('Lançamentos'!$M$2:$M$101,'Lançamentos'!$C$2:$C$101,$G20,'Lançamentos'!$E$2:$E$101,"Receita",'Lançamentos'!$D$2:$D$101,$B$3)) | I20: =IF($B$3="Todos",SUMIFS('Lançamentos'!$M$2:$M$101,'Lançamentos'!$C$2:$C$101,$G20,'Lançamentos'!$E$2:$E$101,"Despesa"),SUMIFS('Lançamentos'!$M$2:$M$101,'Lançamentos'!$C$2:$C$101,$G20,'Lançamentos'!$E$2:$E$101,"Despesa",'Lançamentos'!$D$2:$D$101,$B$3)) | J20: =IFERROR($H20-$I20,0)
A21: Lazer | B21: =IF($B$3="Todos",SUMIFS('Lançamentos'!$M$2:$M$101,'Lançamentos'!$C$2:$C$101,$B$2,'Lançamentos'!$F$2:$F$101,$A21,'Lançamentos'!$E$2:$E$101,"Despesa"),SUMIFS('Lançamentos'!$M$2:$M$101,'Lançamentos'!$C$2:$C$101,$B$2,'Lançamentos'!$F$2:$F$101,$A21,'Lançamentos'!$E$2:$E$101,"Despesa",'Lançamentos'!$D$2:$D$101,$B$3)) | C21: =IFERROR($B21/$B$7,0) | D21: =IFERROR(VLOOKUP($A21,'Configurações'!$A$3:$B$15,2,FALSE),0) | E21: =IF($B21>$D21,"Acima do limite","Dentro do limite") | G21: julho/2026 | H21: =IF($B$3="Todos",SUMIFS('Lançamentos'!$M$2:$M$101,'Lançamentos'!$C$2:$C$101,$G21,'Lançamentos'!$E$2:$E$101,"Receita"),SUMIFS('Lançamentos'!$M$2:$M$101,'Lançamentos'!$C$2:$C$101,$G21,'Lançamentos'!$E$2:$E$101,"Receita",'Lançamentos'!$D$2:$D$101,$B$3)) | I21: =IF($B$3="Todos",SUMIFS('Lançamentos'!$M$2:$M$101,'Lançamentos'!$C$2:$C$101,$G21,'Lançamentos'!$E$2:$E$101,"Despesa"),SUMIFS('Lançamentos'!$M$2:$M$101,'Lançamentos'!$C$2:$C$101,$G21,'Lançamentos'!$E$2:$E$101,"Despesa",'Lançamentos'!$D$2:$D$101,$B$3)) | J21: =IFERROR($H21-$I21,0)
A22: Contas da casa | B22: =IF($B$3="Todos",SUMIFS('Lançamentos'!$M$2:$M$101,'Lançamentos'!$C$2:$C$101,$B$2,'Lançamentos'!$F$2:$F$101,$A22,'Lançamentos'!$E$2:$E$101,"Despesa"),SUMIFS('Lançamentos'!$M$2:$M$101,'Lançamentos'!$C$2:$C$101,$B$2,'Lançamentos'!$F$2:$F$101,$A22,'Lançamentos'!$E$2:$E$101,"Despesa",'Lançamentos'!$D$2:$D$101,$B$3)) | C22: =IFERROR($B22/$B$7,0) | D22: =IFERROR(VLOOKUP($A22,'Configurações'!$A$3:$B$15,2,FALSE),0) | E22: =IF($B22>$D22,"Acima do limite","Dentro do limite") | G22: agosto/2026 | H22: =IF($B$3="Todos",SUMIFS('Lançamentos'!$M$2:$M$101,'Lançamentos'!$C$2:$C$101,$G22,'Lançamentos'!$E$2:$E$101,"Receita"),SUMIFS('Lançamentos'!$M$2:$M$101,'Lançamentos'!$C$2:$C$101,$G22,'Lançamentos'!$E$2:$E$101,"Receita",'Lançamentos'!$D$2:$D$101,$B$3)) | I22: =IF($B$3="Todos",SUMIFS('Lançamentos'!$M$2:$M$101,'Lançamentos'!$C$2:$C$101,$G22,'Lançamentos'!$E$2:$E$101,"Despesa"),SUMIFS('Lançamentos'!$M$2:$M$101,'Lançamentos'!$C$2:$C$101,$G22,'Lançamentos'!$E$2:$E$101,"Despesa",'Lançamentos'!$D$2:$D$101,$B$3)) | J22: =IFERROR($H22-$I22,0)
A23: Compras | B23: =IF($B$3="Todos",SUMIFS('Lançamentos'!$M$2:$M$101,'Lançamentos'!$C$2:$C$101,$B$2,'Lançamentos'!$F$2:$F$101,$A23,'Lançamentos'!$E$2:$E$101,"Despesa"),SUMIFS('Lançamentos'!$M$2:$M$101,'Lançamentos'!$C$2:$C$101,$B$2,'Lançamentos'!$F$2:$F$101,$A23,'Lançamentos'!$E$2:$E$101,"Despesa",'Lançamentos'!$D$2:$D$101,$B$3)) | C23: =IFERROR($B23/$B$7,0) | D23: =IFERROR(VLOOKUP($A23,'Configurações'!$A$3:$B$15,2,FALSE),0) | E23: =IF($B23>$D23,"Acima do limite","Dentro do limite") | G23: setembro/2026 | H23: =IF($B$3="Todos",SUMIFS('Lançamentos'!$M$2:$M$101,'Lançamentos'!$C$2:$C$101,$G23,'Lançamentos'!$E$2:$E$101,"Receita"),SUMIFS('Lançamentos'!$M$2:$M$101,'Lançamentos'!$C$2:$C$101,$G23,'Lançamentos'!$E$2:$E$101,"Receita",'Lançamentos'!$D$2:$D$101,$B$3)) | I23: =IF($B$3="Todos",SUMIFS('Lançamentos'!$M$2:$M$101,'Lançamentos'!$C$2:$C$101,$G23,'Lançamentos'!$E$2:$E$101,"Despesa"),SUMIFS('Lançamentos'!$M$2:$M$101,'Lançamentos'!$C$2:$C$101,$G23,'Lançamentos'!$E$2:$E$101,"Despesa",'Lançamentos'!$D$2:$D$101,$B$3)) | J23: =IFERROR($H23-$I23,0)
A24: Cartão de crédito | B24: =IF($B$3="Todos",SUMIFS('Lançamentos'!$M$2:$M$101,'Lançamentos'!$C$2:$C$101,$B$2,'Lançamentos'!$F$2:$F$101,$A24,'Lançamentos'!$E$2:$E$101,"Despesa"),SUMIFS('Lançamentos'!$M$2:$M$101,'Lançamentos'!$C$2:$C$101,$B$2,'Lançamentos'!$F$2:$F$101,$A24,'Lançamentos'!$E$2:$E$101,"Despesa",'Lançamentos'!$D$2:$D$101,$B$3)) | C24: =IFERROR($B24/$B$7,0) | D24: =IFERROR(VLOOKUP($A24,'Configurações'!$A$3:$B$15,2,FALSE),0) | E24: =IF($B24>$D24,"Acima do limite","Dentro do limite") | G24: outubro/2026 | H24: =IF($B$3="Todos",SUMIFS('Lançamentos'!$M$2:$M$101,'Lançamentos'!$C$2:$C$101,$G24,'Lançamentos'!$E$2:$E$101,"Receita"),SUMIFS('Lançamentos'!$M$2:$M$101,'Lançamentos'!$C$2:$C$101,$G24,'Lançamentos'!$E$2:$E$101,"Receita",'Lançamentos'!$D$2:$D$101,$B$3)) | I24: =IF($B$3="Todos",SUMIFS('Lançamentos'!$M$2:$M$101,'Lançamentos'!$C$2:$C$101,$G24,'Lançamentos'!$E$2:$E$101,"Despesa"),SUMIFS('Lançamentos'!$M$2:$M$101,'Lançamentos'!$C$2:$C$101,$G24,'Lançamentos'!$E$2:$E$101,"Despesa",'Lançamentos'!$D$2:$D$101,$B$3)) | J24: =IFERROR($H24-$I24,0)
A25: Outros | B25: =IF($B$3="Todos",SUMIFS('Lançamentos'!$M$2:$M$101,'Lançamentos'!$C$2:$C$101,$B$2,'Lançamentos'!$F$2:$F$101,$A25,'Lançamentos'!$E$2:$E$101,"Despesa"),SUMIFS('Lançamentos'!$M$2:$M$101,'Lançamentos'!$C$2:$C$101,$B$2,'Lançamentos'!$F$2:$F$101,$A25,'Lançamentos'!$E$2:$E$101,"Despesa",'Lançamentos'!$D$2:$D$101,$B$3)) | C25: =IFERROR($B25/$B$7,0) | D25: =IFERROR(VLOOKUP($A25,'Configurações'!$A$3:$B$15,2,FALSE),0) | E25: =IF($B25>$D25,"Acima do limite","Dentro do limite") | G25: novembro/2026 | H25: =IF($B$3="Todos",SUMIFS('Lançamentos'!$M$2:$M$101,'Lançamentos'!$C$2:$C$101,$G25,'Lançamentos'!$E$2:$E$101,"Receita"),SUMIFS('Lançamentos'!$M$2:$M$101,'Lançamentos'!$C$2:$C$101,$G25,'Lançamentos'!$E$2:$E$101,"Receita",'Lançamentos'!$D$2:$D$101,$B$3)) | I25: =IF($B$3="Todos",SUMIFS('Lançamentos'!$M$2:$M$101,'Lançamentos'!$C$2:$C$101,$G25,'Lançamentos'!$E$2:$E$101,"Despesa"),SUMIFS('Lançamentos'!$M$2:$M$101,'Lançamentos'!$C$2:$C$101,$G25,'Lançamentos'!$E$2:$E$101,"Despesa",'Lançamentos'!$D$2:$D$101,$B$3)) | J25: =IFERROR($H25-$I25,0)
G26: dezembro/2026 | H26: =IF($B$3="Todos",SUMIFS('Lançamentos'!$M$2:$M$101,'Lançamentos'!$C$2:$C$101,$G26,'Lançamentos'!$E$2:$E$101,"Receita"),SUMIFS('Lançamentos'!$M$2:$M$101,'Lançamentos'!$C$2:$C$101,$G26,'Lançamentos'!$E$2:$E$101,"Receita",'Lançamentos'!$D$2:$D$101,$B$3)) | I26: =IF($B$3="Todos",SUMIFS('Lançamentos'!$M$2:$M$101,'Lançamentos'!$C$2:$C$101,$G26,'Lançamentos'!$E$2:$E$101,"Despesa"),SUMIFS('Lançamentos'!$M$2:$M$101,'Lançamentos'!$C$2:$C$101,$G26,'Lançamentos'!$E$2:$E$101,"Despesa",'Lançamentos'!$D$2:$D$101,$B$3)) | J26: =IFERROR($H26-$I26,0)

Sheet Configurações
A1: Categorias e limites mensais | B1: Valores editáveis para seu planejamento | D1: Tipos | F1: Formas de pagamento | H1: Status | J1: Meses disponíveis | L1: Responsáveis
A2: Categoria | B2: Limite mensal | D2: Tipo | F2: Forma de pagamento | H2: Status | J2: Mês | L2: Responsável
A3: Moradia | B3: 2500 | D3: Receita | F3: PIX | H3: Pago | J3: janeiro/2026 | L3: Todos
A4: Aluguel | B4: 2500 | D4: Despesa | F4: Débito | H4: Pendente | J4: fevereiro/2026 | L4: João Silva
A5: Alimentação | B5: 1200 | F5: Crédito | H5: Cancelado | J5: março/2026 | L5: Maria Oliveira
A6: Transporte | B6: 600 | F6: Dinheiro | J6: abril/2026 | L6: Pedro Santos
A7: Saúde | B7: 400 | F7: Boleto | J7: maio/2026 | L7: Ana Souza
A8: Educação | B8: 500 | J8: junho/2026 | L8: Carlos Pereira
A9: Lazer | B9: 400 | J9: julho/2026 | L9: Juliana Costa
A10: Contas da casa | B10: 700 | J10: agosto/2026 | L10: Rafael Almeida
A11: Compras | B11: 600 | J11: setembro/2026 | L11: Camila Ferreira
A12: Cartão de crédito | B12: 0 | J12: outubro/2026 | L12: Lucas Rodrigues
A13: Outros | B13: 0 | J13: novembro/2026 | L13: Fernanda Lima
A14: Salário | B14: 0 | J14: dezembro/2026
A15: Renda extra | B15: 0
A16: Total de limites | B16: =SUM($B$3:$B$15)
A19: Como usar
A20: Registre cada receita ou despesa na aba Lançamentos. Use o Resumo para acompanhar o mês, os limites e as pendências.
